 Dungeon Crawl Stone Soup version 0.24-a0-117-g53b5160 (webtiles) character file.

Game seed: 17914293592315699211

633 Amnesiac the Gouger (level 7, 31/31 HPs)
             Began as a Felid Fighter on Feb 18, 2019.
             Was a Follower of Okawaru.
             Quit the game on level 6 of the Dungeon.
             The game lasted 00:11:05 (4658 turns).

Amnesiac the Gouger (Felid Fighter)                 Turns: 4658, Time: 00:11:06

Health: 31/31      AC:  2    Str: 12    XL:     7   Next: 24%
Magic:  8/8        EV: 24    Int: 16    God:    Okawaru [*.....]
Gold:   97         SH:  0    Dex: 16    Spells: 6/6 levels left
                                        Lives:  1   Deaths: 1

rFire    . . .     SeeInvis +     - Unarmed
rCold    . . .     Gourm    +   (shield unavailable)
rNeg     . . .     Faith    .   (armour unavailable)
rPois    .         Spirit   .   (helmet unavailable)
rElec    .         Reflect  .   (cloak unavailable)
rCorr    .         Harm     .   (gloves unavailable)
MR       +....                  (boots unavailable)
Stlth    ++++......             w - amulet of the gourmand
HPRegen  0.10/turn              m - +5 ring of intelligence
MPRegen  0.11/turn              x - ring of stealth

@: quick
A: very small, no armour, no weapons or thrown items, stealth, claws 1, fangs 3,
see invisible, carnivore, speed 1, shaggy fur 2, slow metabolism 1, sharp paws
a: Heroism, Renounce Religion


You were on level 6 of the Dungeon.
You worshipped Okawaru.
Okawaru was aware of your devotion.
You were not hungry.

You visited 2 branches of the dungeon, and saw 7 of its levels.

You collected 167 gold pieces.
You spent 70 gold pieces at shops.

Inventory:

Jewellery
 m - a +5 ring of intelligence (left paw)
 w - an amulet of the gourmand (around neck)
 x - a ring of stealth (right paw)
 z - an uncursed ring of fire
Wands
 y - a wand of disintegration (9)
Scrolls
 c - a scroll of teleportation {!r}
 d - a scroll of fog {!r}
 e - a scroll of magic mapping {!r}
 f - 3 scrolls of identify {!r}
 g - a scroll of fear {!r}
 j - a scroll of blinking {!r}
 u - 2 scrolls of remove curse {!r}
Potions
 a - 2 potions of might {!q}
 i - a potion of heal wounds {!q}
 n - 2 potions of lignification {!q}
 o - 2 potions of brilliance {!q}
 p - a potion of haste {!q}
 r - 3 potions of mutation {!q}
 s - a potion of flight {!q}
 v - a potion of agility {!q}
Comestibles
 b - 12 rations
 h - 4 chunks of flesh


   Skills:
 - Level 3.0 Fighting
 + Level 8.2 Dodging
 + Level 4.0 Stealth
 * Level 8.8 Unarmed Combat


You had 6 spell levels left.
You didn't know any spells.
Your spell library was empty.

Dungeon Overview and Level Annotations

Branches:
Dungeon (6/15)             Temple (1/1) D:5

Altars:
Ashenzari
Cheibriados
Elyvilon
Fedhas
Hepliaklqana
Kikubaaqudgha
Makhleb
Okawaru
Ru
Sif Muna
Trog
Uskayaw
Yredelemnul
Zin
The Shining One

Shops:
D:5 :(?}   D:6 :


Innate Abilities, Weirdness & Mutations

You cannot wear armour.
You are incapable of wielding weapons or throwing items.
Your paws allow you to move quietly. (Stealth)
You have sharp claws.
You have razor-sharp teeth.
You have supernaturally acute eyesight. (SInv)
You are carnivorous and can eat meat at any time.
You cover ground quickly.
You are covered in thick fur. (AC +2)
You have a slow metabolism.
Your sharp claws are effective at attacking unaware monsters.


Message History

You scratch the orc priest.
The orc priest is lightly wounded.
The orc priest looks encouraged for a moment.
The orc hits you with a +0 mace.
* * * LOW HITPOINT WARNING * * *
You claw the orc priest!
You kill the orc priest!
Okawaru accepts your kill.
You claw the orc!
You kill the orc!
Okawaru accepts your kill. The leopard gecko skeleton bites you.
* * * LOW HITPOINT WARNING * * *
You mangle the leopard gecko skeleton!!
You destroy the leopard gecko skeleton!
Okawaru accepts your kill.
a - 2 potions of might {!q} (gained 1)
Things that are here:
a +0 war axe; a +0 leather armour; an orc corpse You mangle the scorpion!!
You kill the scorpion!
Okawaru accepts your kill.
A gnoll comes into view. It is wielding a +0 flail.
The gnoll shouts!
There is a fountain of clear blue water here.
You claw the gnoll!
The gnoll is almost dead.
The gnoll completely misses you.
You claw the gnoll!
You kill the gnoll!
Okawaru accepts your kill. The gnoll sergeant closely misses you.
The gnoll sergeant hits you with a cursed -2 trident.
* * * LOW HITPOINT WARNING * * *
You scratch the gnoll sergeant but do no damage.
The gnoll sergeant completely misses you.
The gnoll sergeant blocks your attack.
You barely miss the gnoll sergeant. The gnoll sergeant closely misses you.
You barely miss the gnoll sergeant. The gnoll sergeant closely misses you.
You barely miss the gnoll sergeant. You bite the gnoll sergeant.
The gnoll sergeant is lightly wounded.
The gnoll sergeant hits you with a cursed -2 trident.
* * * LOW HITPOINT WARNING * * *
You claw the gnoll sergeant!
The gnoll sergeant is severely wounded.
The gnoll sergeant hits you with a cursed -2 trident!
* * * LOW HITPOINT WARNING * * *
You mangle the gnoll sergeant!!
You kill the gnoll sergeant!
Okawaru accepts your kill.
Your Stealth skill increases to level 4!
Items here: ) [[ † a cursed -2 trident; a +0 scale mail; a +0 shield; a gnoll corpse You butcher the gnoll corpse.
h - 4 chunks of flesh
Items here: ) [[ ÷ a cursed -2 trident; a +0 scale mail; a +0 shield; a gnoll skeleton The gnoll hits you with a +0 spear.
You die...
You are now level 7!
You rejoin the land of the living...
Found a dagger.
Unknown command.
Are you sure you want to abandon this character and quit the game? (Confirm with "yes".)

.. #. #.#
....###.
..
...>....
#..
..###.
#..# ##
#..)# ##
#....#.##
#......#
.####
#..@.#
......
####..#
......
#..#
......
#...
......
####
..s.c.
a.....
......
.....


There were no monsters in sight!

Vanquished Creatures
  Sigmund (D:5)
  An ice beast (D:6)
  An ogre (D:4)
  A centaur (D:5)
  A gnoll sergeant (D:6)
  A scorpion (D:6)
  3 howler monkeys (D:4)
  4 hounds
  3 crimson imps
  A jelly (D:2)
  2 orc priests (D:6)
  A bullfrog skeleton (D:5)
  An iguana (D:4)
  An orc wizard (D:5)
  A worker ant (D:4)
  A gnoll (D:6)
  5 adders
  A howler monkey skeleton (D:5)
  An adder zombie (D:6)
  3 worms
  A dart slug (D:1)
  4 leopard geckos
  15 orcs
  4 ball pythons
  7 giant cockroaches
  9 goblins
  4 hobgoblins
  4 jackals (D:4)
  4 quokkas
  10 bats
  5 frilled lizards
  7 kobolds
  A leopard gecko skeleton (D:6)
  3 quokka skeletons
  8 rats
120 creatures vanquished.

Notes
Turn   | Place    | Note
-------+----------+-------------------------------------------
     0 | D:1      | Amnesiac the Felid Fighter began the quest for the Orb.
     0 | D:1      | Reached XP level 1. HP: 10/10 MP: 2/2
   182 | D:1      | Reached XP level 2. HP: 11/14 MP: 3/3
   769 | D:2      | Reached XP level 3. HP: 17/17 MP: 4/4
   796 | D:2      | Reached skill level 5 in Unarmed Combat
   815 | D:2      | Reached skill level 5 in Dodging
   891 | D:2      | Reached XP level 4. HP: 21/21 MP: 5/5
  1558 | D:3      | Found a hazy altar of Hepliaklqana.
  2002 | D:4      | Noticed an ogre
  2377 | D:5      | Entered Level 5 of the Dungeon
  2377 | D:5      | Found Cyschepp's Magic Scroll Emporium.
  2380 | D:5      | Bought a scroll of identify for 28 gold pieces
  2380 | D:5      | Bought a scroll of remove curse for 42 gold pieces
  2387 | D:5      | Noticed Sigmund
  2395 | D:5      | Killed Sigmund
  2395 | D:5      | Reached XP level 5. HP: 24/24 MP: 6/6
  2395 | D:5      | Gained mutation: You are covered in thick fur. (AC +2)
                  | [Felid growth]
  2395 | D:5      | Reached XP level 6. HP: 28/28 MP: 7/7
  2473 | D:6      | Found Ibed's Book Emporium.
  2500 | D:5      | Found a staircase to the Ecumenical Temple.
  2514 | Temple   | Entered the Ecumenical Temple
  2590 | Temple   | Became a worshipper of Warmaster Okawaru
  2747 | D:4      | Reached XP level 7. HP: 31/31 MP: 8/8
  3320 | D:5      | Reached * piety under Okawaru
  3320 | D:5      | Reached skill level 1 in Stealth
  3829 | D:5      | Found Baefyb Yluurr's Weapon Emporium.
  3840 | D:5      | Found Eqidota's Gadget Shoppe.
  4055 | D:5      | Found Wuomup Mung's Book Emporium.
  4233 | D:5      | Reached XP level 8. HP: 5/34 MP: 9/9
  4647 | D:6      | HP: 1/34 [gnoll sergeant/cursed -2 trident (9)]
  4657 | D:6      | Slain by a gnoll
  4658 | D:6      | Reached XP level 7. HP: -2/31 MP: 8/8
  4658 | D:6      | Quit the game

Levels and vault maps discovered:
D:1:      dpeg_arrival_windows_large_door, layout_basic
D:2:      layout_loops_ring, minmay_misc_feat_rugged
D:3:      layout_loops_ring, nicolae_overflow_crystal_walls
D:4:      layout_loops_cross, minmay_distorted
D:5:      layout_basic, minmay_temple_entry_purple_smoke, first_ration,
          serial_shops, shop, shop, nicolae_shop_window_shopping,
          shop_fountains, uniq_sigmund
D:6:      layout_basic, serial_shops,
          nicolae_shop_temple_entry_statues_fountains,
          minmay_fractal_squares_gapless_5
Temple:   jpeg_temple_clearing

Skill      XL: |  1  2  3  4  5  6  7  8 |
---------------+-------------------------+-----
Unarmed Combat | 5 6 7 8 |  8.8
Dodging        | 5 6 7 8 |  8.2
Stealth        | 3 4 |  4.0
Fighting       | |  3.0

Action                   |  1- 3 |  4- 6 |  7- 9 || total
-------------------------+-------+-------+-------++-------
Melee: Unarmed           |    74 |   125 |   135 ||   334
       Bite              |     4 |    16 |    10 ||    30
       Punch             |     1 |     2 |     4 ||     7
  Use: Potion            |       |     2 |     3 ||     5
       Scroll            |       |       |    16 ||    16
 Stab: Sleeping          |     2 |     6 |     5 ||    13
       Distracted        |       |       |     1 ||     1
  Eat: Chunk             |     7 |     4 |     3 ||    14
Armor: Skin              |    11 |     5 |     2 ||    18
Dodge: Dodged            |    89 |    93 |   110 ||   292

Table legend:
 A = Non-vault XP
 B = Vault XP
 C = Vault XP percentage of total XP
 D = Non-vault monster count
 E = Vault monster count
 F = Vault count percentage of total count
                 A         B        C        D         E       F
            +---------+---------+-------+---------+---------+-------
      Total |    1504 |     263 |  14.9 |     118 |       2 |   1.7
            +---------+---------+-------+---------+---------+-------
        D:1 |      22 |       0 |   0.0 |      13 |       0 |   0.0
        D:2 |      89 |       0 |   0.0 |      24 |       0 |   0.0
        D:3 |      52 |       0 |   0.0 |      23 |       0 |   0.0
        D:4 |     354 |      36 |   9.2 |      18 |       1 |   5.3
        D:5 |     454 |     227 |  33.3 |      26 |       1 |   3.7
        D:6 |     533 |       0 |   0.0 |      14 |       0 |   0.0
            +---------+---------+-------+---------+---------+-------
